 Dungeon Crawl Stone Soup version 0.29.1-14-g9c671dbff4 (webtiles) character file.

Game seed: 1634496158265845385

95609 croobank the Thaumaturge (level 16, -1/125 HPs)
             Began as a Gnoll Ice Elementalist on Feb 15, 2023.
             Was an Initiate of Gozag.
             Slain by a redback (12 damage)
             ... on level 1 of the Spider Nest on Feb 16, 2023.
             The game lasted 03:17:01 (48751 turns).

croobank the Thaumaturge (Gnoll Ice Elementalist)  Turns: 48751, Time: 03:17:02

Health: -1/125     AC:  1    Str: 14    XL:     16   Next: 14%
Magic:  22/32      EV:  8    Int: 20    God:    Gozag
Gold:   2093       SH:  0    Dex: 15    Spells: 5/39 levels left

rFire   . . .      SeeInvis .   N - +8 dire flail
rCold   . . .      Faith    .   (shield currently unavailable)
rNeg    . . .      Spirit   .   i - +5 ring mail {rPois}
rPois   +          Reflect  .   f - +1 helmet
rElec   .          Harm     .   n - +1 cloak
rCorr   +          Rampage  .   a - +0 pair of gloves
Will    +....                   V - +1 pair of boots
Stlth   ++++......              (no amulet)
HPRegen 0.30/turn               y - ring of resist corrosion
MPRegen 0.23/turn               v - +6 ring of strength

@: mighty, brilliant, lethally poisoned (-1 -> -36), about to teleport,
forested, corroded, on berserk cooldown, held, hasted and slowed, studying Axes
A: fangs 1, strong nose, distributed training
a: Renounce Religion, Potion Petition, Call Merchant, Bribe Branch


You were on level 1 of the Spider Nest.
You worshipped Gozag.
Gozag was most pleased with you.
You visited 5 branches of the dungeon, and saw 24 of its levels.
You also visited: Ice Cave.

You collected 8098 gold pieces.
You spent 2658 gold pieces at shops.
You paid 3347 gold pieces to Gozag.

Inventory:

Hand Weapons
 j - a +2 lajatang of freezing
 G - the +3 rapier "Lyomaepp" {pain, rN++}
   (You took it off an orc on level 6 of the Dungeon)

   In the hands of one skilled in necromantic magic, it inflicts extra damage on
   living creatures.
   rN:        It greatly protects you from negative energy.
 J - the +6 long sword "Nimuph" {antimagic, Int+6}
   (You bought it in a shop on level 3 of the Dungeon)

   It reduces the magical energy of the wielder, and disrupts the spells and
   magical abilities of those it strikes.
   Natural abilities and divine invocations are not affected.
   Int:       It affects your intelligence (+6).
 M - the +1 halberd of Pical {venom, rC- Will+ Int+6}
   (You found it in an ice cave)

   It poisons the flesh of those it strikes.
   Int:       It affects your intelligence (+6).
   rC:        It makes you vulnerable to cold.
   Will:      It increases your willpower.
 N - a +8 dire flail (weapon)
Missiles
 d - 21 curare-tipped darts
 q - 13 javelins
Armour
 a - a +0 pair of gloves (worn)
 f - a +1 helmet (worn)
 i - a +5 ring mail of poison resistance (worn)
 n - a +1 cloak (worn)
 z - a +0 kite shield
 S - the +3 kite shield of Tooluiczo {+Inv Dex+3}
   (You bought it in a shop on level 2 of the Orcish Mines)

   Dex:       It affects your dexterity (+3).
   +Inv:      It lets you turn invisible.
 V - a +1 pair of boots (worn)
Magical Staves
 h - a staff of cold
 K - a staff of conjuration
 P - a staff of poison
Jewellery
 c - a ring of wizardry
 o - a ring of wizardry
 t - a ring of magical power
 v - a +6 ring of strength (right hand)
 y - a ring of resist corrosion (left hand)
 B - a ring of flight
 H - the ring "Quesu" {Fire rElec Str+3 Int+2 Stlth-}
   (You acquired it on level 8 of the Dungeon)

   [ring of fire]

   It enhances your fire magic.
   Str:       It affects your strength (+3).
   Int:       It affects your intelligence (+2).
   rF:        It protects you from fire.
   rC:        It makes you vulnerable to cold.
   rElec:     It insulates you from electricity.
   Stlth:     It makes you less stealthy.
 T - a ring of fire
Wands
 b - a wand of charming (20)
 r - a wand of flame (10)
 D - a wand of digging (8)
 O - a wand of mindburst (28)
 R - a wand of light (7)
Scrolls
 g - 3 scrolls of vulnerability
 l - 3 scrolls of butterflies
 s - a scroll of teleportation
 u - a scroll of poison
 C - 3 scrolls of immolation
 I - a scroll of torment
 Y - 8 scrolls of identify
Potions
 e - a potion of haste
 k - 4 potions of lignification
 m - 5 potions of flight
 p - 8 potions of curing
 x - 3 potions of mutation
 A - 2 potions of cancellation
 E - a potion of might
 F - a potion of attraction
 Q - 5 potions of brilliance
 X - 2 potions of ambrosia
Miscellaneous
 w - a phial of floods
 L - a condenser vane
 W - a box of beasts


   Skills:
 + Level 11.0 Fighting
 + Level 11.0 Short Blades
 + Level 11.0 Long Blades
 + Level 11.7 Axes
 + Level 11.0 Maces & Flails
 + Level 11.0 Polearms
 + Level 11.0 Staves
 + Level 11.0 Ranged Weapons
 + Level 11.0 Throwing
 + Level 11.0 Armour
 + Level 11.9 Dodging
 + Level 11.8 Stealth
 + Level 11.0 Shields
 + Level 11.0 Unarmed Combat
 + Level 12.1 Spellcasting
 + Level 9.3 Conjurations
 + Level 9.3 Hexes
 + Level 9.3 Summonings
 + Level 9.3 Necromancy
 + Level 9.3 Translocations
 + Level 9.3 Transmutations
 + Level 9.3 Fire Magic
 + Level 11.6 Ice Magic
 + Level 9.3 Air Magic
 + Level 9.3 Earth Magic
 + Level 9.3 Poison Magic
 + Level 12.0 Invocations
 + Level 11.0 Evocations


You had 5 spell levels left.
You knew the following spells:

 Your Spells              Type           Power      Damage    Failure   Level
a - Freeze                Ice            100%       1d11      1%          1
b - Frozen Ramparts       Ice            100%       1d16      1%          3
c - Ozocubu's Armour      Ice            73%        N/A       1%          3
d - Hailstorm             Conj/Ice       69%        3d14      1%          4
e - Wereblood             Tmut           65%        N/A       1%          2
f - Stone Arrow           Conj/Erth      100%       3d13      1%          3
g - Yara's Violent Unrav  Hex/Tmut       32%        3d13      6%          5
h - Dispel Undead         Necr           65%        3d22      1%          4
i - Summon Ice Beast      Ice/Summ       69%        N/A       1%          4
j - Summon Forest         Summ/Tloc      32%        N/A       6%          5

Your spell library contained the following spells:

 Spells                   Type           Power      Damage    Failure   Level
 Sandblast                Erth           100%       2d20      1%          1
 Passwall                 Tmut/Erth      54%        N/A       1%          2
 Static Discharge         Conj/Air       65%        3-12/arc  1%          2
 Sublimation of Blood     Necr           65%        N/A       1%          2
 Tukima's Dance           Hex            65%        N/A       1%          3
 Ice Form                 Ice/Tmut       69%        N/A       1%          4
 Passage of Golubria      Tloc           65%        N/A       1%          4
 Petrify                  Tmut/Erth      65%        N/A       1%          4
 Sticky Flame             Conj/Fire      65%        2d8       1%          4
 Irradiate                Conj/Tmut      32%        3d22      6%          5
 Lightning Bolt           Conj/Air       32%        1d50      6%          5
 Summon Mana Viper        Hex/Summ       65%        N/A       6%          5
 Summon Cactus Giant      Summ           32%        N/A       32%         6
 Ozocubu's Refrigeration  Ice            36%        4d15      56%         7
 Summon Hydra             Summ           32%        N/A       87%         7
 Maxwell's Capacitive Co  Air            32%        ∞         100%        8


Dungeon Overview and Level Annotations

Branches:
Dungeon (15/15)            Temple (1/1) D:4            Lair (5/5) D:9
 Shoals (0/4) Lair:2       Spider (1/4) Lair:3        Slime (0/5) Lair:5
    Orc (2/2) D:10            Elf (0/3) Orc:2        Vaults (0/5) D:13
 Depths (0/4) D:15          IceCv (visited)

Altars:
Ashenzari
Cheibriados
Dithmenos
Elyvilon
Fedhas
Gozag
Hepliaklqana
Kikubaaqudgha
Makhleb
Nemelex Xobeh
Okawaru
Qazlal
Ru
Sif Muna
Trog
Uskayaw
Vehumet
Wu Jian
Xom
Yredelemnul
Zin
The Shining One
Jiyva

Shops:
D:2 (   D:3 (   D:9 [   D:14 (   Orc:2 ?:*(

Annotations:
D:10 2 transporters, Klatu's ghost, journeyman TeCj
D:11 3 runed translucent doors, Golfball's ghost, journeyman TrFi; croobank's ghost, journeyman DrFE; suipiss's ghost, journeyman DsEE
Spider:1 Rupert


Innate Abilities, Weirdness & Mutations

You have very sharp teeth.
Your uncanny sense of smell can sniff out nearby items.
Your experience applies equally to all skills.


Message History

The tarantella barely misses your butterfly.
The redback attacks as you move away!
The redback bites you but does no damage.
The redback closely misses you. The culicivora closely misses you.
The culicivora closely misses your butterfly.
You feel your anger nearly subside. The culicivora bites your butterfly!
Your butterfly dies!
Your butterfly disappears in a burst of colours!
The culicivora bites your butterfly!
Your butterfly dies!
Your butterfly disappears in a burst of colours!
You are no longer berserk.
You are exhausted.
You feel yourself slow down.
The jumping spider pounces on your butterfly!
Your butterfly dies!
Your butterfly disappears in a burst of colours!
As you read the scroll of teleportation, it crumbles to dust.
You feel strangely unstable.
The demonic crawler shrieks in warning!
The redback closely misses you. The jumping spider pounces on you!
You are caught in a web!
The jumping spider bites you.
A culicivora comes into view.
The culicivora's many legs skitter faintly.
You hear a faint skittering sound. x2; You hear a shout!
You hear a faint skittering sound.
You hear a hideous shriek!
You hear an angry buzzing noise. x2
You struggle to detach yourself from the web.
The redback bites you!
* * * LOW HITPOINT WARNING * * *
You are lethally poisoned!
The redback poisons you!
The redback misses something.
The jumping spider pounces on you!
* * * LOW HITPOINT WARNING * * *
The jumping spider bites you.
* * * LOW HITPOINT WARNING * * *
The redback bites you!
You die...
Your body crumbles into a pile of gold.

...>#......
....#......####.^....#.
#............^..#....#≈ .^ ...
.s#...?...........#♣...~#
..#.....#........s...s....##.## ∆
.#......^.....#.s.....s...#..~
......#.##......♣$.ss♣....... #^
.°#.......s...#♣#$B$#..#....
^.#$##......○##s@.♣...$.♣........
.............#ss♣Bs....$s........
#.....##ssss#.........##.#♣)#
..#.##....ssss..#.#...........#
...s.......##ss......#.#^.♣.....
......#.#..ss.b...........##♣...
..#......#..s@.....##....... ~#..
........s.......♣!..........^...#
.s.......s.......#....#####..###


You could see Rupert, an entropy weaver, a demonic crawler (catching breath), a
wolf spider, 3 culicivoras, 2 jumping spiders, 2 tarantellas and 11 redbacks.

Vanquished Creatures
  An orc warlord (Orc:2)
  Snorg (D:10)
  An ettin (shapeshifter) (D:9)
  A dire elephant (D:15)
  A fire dragon (D:15)
  A vault guard (D:13)
  8 hydras
  3 catoblepae (Lair:5)
  9 death yaks
  A tengu warrior (D:15)
  Urug (Orc:1)
  Sonja (Lair:5)
  A pharaoh ant (Spider:1)
  4 skeletal warriors (D:14)
  9 orc knights
  A deep elf pyromancer (D:12)
  Pikel (D:7)
  8 ugly things
  4 cyclopes
  7 manticores
  A salamander (D:15)
  14 elephants
  2 ice statues (IceCv)
  Joseph (D:7)
  6 black mambas
  15 cane toads
  A gargoyle (D:12)
  Maggie (D:9)
  An efreet (D:14)
  6 komodo dragons
  2 rime drakes
  7 trolls
  4 meliai
  Prince Ribbit (D:6)
  3 polar bears
  A wolf spider simulacrum (D:14)
  A merfolk (Lair:2)
  A hornet (D:7)
  13 blink frogs
  A blink frog (shapeshifter) (D:15)
  A vampire (D:10)
  A water elemental (D:13)
  A yak (shapeshifter) (D:14)
  2 wraiths
  2 centaur simulacra
  2 shadows
  4 wyverns
  50 yaks
  Grum (D:8)
  4 basilisks
  Eustachio (D:6)
  2 steam dragons
  5 redbacks (Spider:1)
  10 wargs
  7 vampire mosquitoes
  Menkaure (D:6)
  10 water moccasins
  Duvessa (D:7)
  2 acid dragons
  A meliai simulacrum (D:14)
  A sky beast (D:8)
  33 orc warriors
  3 ice beasts
  4 ogres
  28 wolves
  11 centaurs
  2 lemures (D:7)
  2 kobold brigands
  2 gnoll sergeants
  6 bullfrogs
  5 scorpions
  A necrophage (D:4)
  13 wights
  Dowan (D:7)
  16 killer bees
  8 howler monkeys
  7 electric eels
  2 gnoll boudas
  11 orc priests
  A jelly (D:5)
  Ijyb (D:3)
  10 orc wizards
  10 iguanas
  6 hell rats (Lair:4)
  A polar bear simulacrum (IceCv)
  A wolf simulacrum (IceCv)
  5 adders
  19 gnolls
  A shadow imp (D:6)
  3 white imps
  3 worms
  82 orcs
  10 endoplasms
  4 giant cockroaches
  22 goblins
  8 hobgoblins
  4 jackals (D:1)
  4 quokkas
  11 ball pythons
  8 bats
  2 frilled lizards
  18 kobolds
  4 rats (D:3)
  A butterfly (Lair:1)
649 creatures vanquished.

Vanquished Creatures (collateral kills)
  Kirke (Lair:5)
  3 vault guards (D:13)
  A boulder beetle (D:12)
  2 two-headed ogres
  A centaur warrior (D:13)
  2 tengu warriors (D:13)
  A death knight (D:14)
  2 death yaks
  A skeletal warrior (D:14)
  11 ugly things
  A wolf spider (D:15)
  An anaconda simulacrum (IceCv)
  A freezing wraith (D:14)
  A tengu conjurer (D:15)
  A raiju (shapeshifter) (D:13)
  2 basilisks
  3 yaks
  3 vampire mosquitoes (D:14)
  A redback (Spider:1)
  A death yak simulacrum (IceCv)
  A warg (Orc:1)
  A meliai simulacrum (D:14)
  3 orc warriors (Orc:2)
  An ice beast (D:14)
  A nameless horror (D:15)
  An orc priest (Orc:2)
  An orc wizard (Orc:2)
  8 orcs
  A butterfly (Lair:1)
58 creatures vanquished.

Vanquished Creatures (others)
  4 humans (Lair:5)
  53 fungi
  84 plants
  4 snaplasher vines
145 creatures vanquished.

Grand Total: 852 creatures vanquished

Notes
Turn   | Place    | Note
-------+----------+-------------------------------------------
     0 | D:1      | croobank the Gnoll Ice Elementalist began the quest for the
                  | Orb.
     0 | D:1      | Reached XP level 1. HP: 13/13 MP: 6/6
    75 | D:1      | Reached XP level 2. HP: 13/19 MP: 5/7
   489 | D:1      | Reached skill level 5 in Spellcasting
   489 | D:1      | Reached XP level 3. HP: 25/25 MP: 4/9
   493 | D:1      | Learned a level 3 spell: Frozen Ramparts
   536 | D:1      | Learned a level 3 spell: Ozocubu's Armour
   916 | D:1      | Reached skill level 1 in Invocations
  1073 | D:1      | Found a faded altar of an unknown god.
  1251 | D:2      | Reached skill level 1 in Fighting
  1251 | D:2      | Reached skill level 1 in Short Blades
  1251 | D:2      | Reached skill level 1 in Long Blades
  1251 | D:2      | Reached skill level 1 in Axes
  1251 | D:2      | Reached skill level 1 in Maces & Flails
  1251 | D:2      | Reached skill level 1 in Polearms
  1251 | D:2      | Reached skill level 1 in Staves
  1251 | D:2      | Reached skill level 1 in Ranged Weapons
  1251 | D:2      | Reached skill level 1 in Throwing
  1251 | D:2      | Reached skill level 1 in Armour
  1251 | D:2      | Reached skill level 1 in Shields
  1251 | D:2      | Reached skill level 1 in Unarmed Combat
  1251 | D:2      | Reached skill level 1 in Evocations
  1432 | D:2      | Reached XP level 4. HP: 32/32 MP: 11/11
  1698 | D:2      | Reached skill level 1 in Conjurations
  1698 | D:2      | Reached skill level 1 in Hexes
  1698 | D:2      | Reached skill level 1 in Summonings
  1698 | D:2      | Reached skill level 1 in Necromancy
  1698 | D:2      | Reached skill level 1 in Translocations
  1698 | D:2      | Reached skill level 1 in Transmutations
  1698 | D:2      | Reached skill level 1 in Fire Magic
  1698 | D:2      | Reached skill level 1 in Air Magic
  1698 | D:2      | Reached skill level 1 in Earth Magic
  1698 | D:2      | Reached skill level 1 in Poison Magic
  1703 | D:2      | Learned a level 4 spell: Hailstorm
  1737 | D:2      | Found Voxar's Antique Weapon Shoppe.
  2325 | D:3      | Reached XP level 5. HP: 37/37 MP: 0/12
  2518 | D:3      | Found Kezogroyv's Weapon Emporium.
  2558 | D:3      | Noticed Ijyb
  2572 | D:3      | Killed Ijyb
  3147 | D:3      | Reached XP level 6. HP: 44/44 MP: 3/14
  3476 | D:4      | Found a radiant altar of Vehumet.
  3480 | D:4      | Reached skill level 5 in Dodging
  3617 | D:4      | Found a staircase to the Ecumenical Temple.
  3627 | Temple   | Entered the Ecumenical Temple
  3979 | Temple   | Became a worshipper of Gozag Ym Sagoz the Greedy
  4272 | D:4      | Found a stormy altar of Qazlal.
  4876 | D:4      | Identified a scroll of acquirement
  4876 | D:4      | Acquired a staff of cold
  4918 | D:4      | Found a hide-covered altar of Uskayaw.
  4918 | D:4      | Found a blossoming altar of Fedhas.
  4919 | D:4      | Found an iron altar of Okawaru.
  4949 | D:4      | Found a white marble altar of Elyvilon.
  5119 | D:4      | Found a snail-covered altar of Cheibriados.
  5120 | D:4      | Found a shadowy altar of Dithmenos.
  5157 | D:5      | Entered Level 5 of the Dungeon
  5600 | D:5      | Reached XP level 7. HP: 51/51 MP: 6/15
  5827 | D:5      | Reached skill level 5 in Stealth
  6314 | D:6      | Noticed Prince Ribbit
  6487 | D:6      | Killed Prince Ribbit
  6488 | D:6      | Reached XP level 8. HP: 40/58 MP: 13/17
  6982 | D:6      | Noticed Menkaure
  6992 | D:6      | Killed Menkaure
  7317 | D:6      | Identified the +3 rapier "Lyomaepp" {pain, rN++}
  7883 | D:6      | Noticed Eustachio
  7896 | D:6      | Killed Eustachio
  7897 | D:6      | Reached XP level 9. HP: 62/65 MP: 17/18
  8200 | D:7      | Noticed a hornet
  8320 | D:7      | Killed a hornet
  8325 | D:7      | Noticed Joseph
  8329 | D:7      | Noticed Duvessa
  8961 | D:7      | Noticed Dowan
  8965 | D:7      | Reached skill level 5 in Invocations
  9322 | D:7      | Noticed Pikel
  9327 | D:7      | Killed Pikel
  9328 | D:7      | Reached skill level 5 in Fighting
  9328 | D:7      | Reached skill level 5 in Short Blades
  9328 | D:7      | Reached skill level 5 in Long Blades
  9328 | D:7      | Reached skill level 5 in Axes
  9328 | D:7      | Reached skill level 5 in Maces & Flails
  9328 | D:7      | Reached skill level 5 in Polearms
  9328 | D:7      | Reached skill level 5 in Staves
  9328 | D:7      | Reached skill level 5 in Ranged Weapons
  9328 | D:7      | Reached skill level 5 in Throwing
  9328 | D:7      | Reached skill level 5 in Armour
  9328 | D:7      | Reached skill level 5 in Shields
  9328 | D:7      | Reached skill level 5 in Unarmed Combat
  9328 | D:7      | Reached skill level 5 in Evocations
  9328 | D:7      | Reached XP level 10. HP: 68/74 MP: 11/20
  9831 | D:7      | Killed Duvessa
  9836 | D:7      | Killed Dowan
 10163 | D:8      | Noticed Grum
 10173 | D:8      | Killed Grum
 10777 | D:8      | Learned a level 2 spell: Wereblood
 10800 | D:8      | Identified the +6 mace "Hydraslayer" {freeze, Int+2}
 10886 | D:8      | You fall into a shaft and drop 1 floor!
 11824 | D:9      | Noticed Maggie
 11827 | D:9      | Acquired the ring "Quesu" {Fire rElec Str+3 Int+2 Stlth-}
 11844 | D:9      | Killed Maggie
 12560 | D:9      | Noticed a four-headed hydra
 12570 | D:9      | Noticed a cane toad
 12570 | D:9      | a black bear changed into a cane toad
 12583 | D:9      | Reached skill level 5 in Conjurations
 12583 | D:9      | Reached skill level 5 in Hexes
 12583 | D:9      | Reached skill level 5 in Summonings
 12583 | D:9      | Reached skill level 5 in Necromancy
 12583 | D:9      | Reached skill level 5 in Translocations
 12583 | D:9      | Reached skill level 5 in Transmutations
 12583 | D:9      | Reached skill level 5 in Fire Magic
 12583 | D:9      | Reached skill level 5 in Air Magic
 12583 | D:9      | Reached skill level 5 in Earth Magic
 12583 | D:9      | Reached skill level 5 in Poison Magic
 12604 | D:10     | Entered Level 10 of the Dungeon
 12628 | D:9      | Reached XP level 11. HP: 50/81 MP: 16/22
 12822 | D:9      | Found a burning altar of Makhleb.
 13010 | D:10     | Noticed Snorg
 13011 | D:10     | Found a flagged portal.
 13170 | D:9      | Found Upax's Antique Armour Shop.
 13695 | D:9      | Found a staircase to the Lair.
 13741 | D:9      | Killed a four-headed hydra
 13790 | D:9      | Noticed a spark wasp
 13817 | D:9      | Noticed a radroach
 13839 | D:9      | Noticed an ettin
 13839 | D:9      | a radroach changed into an ettin
 13856 | D:9      | Killed an ettin
 14718 | Lair:1   | Entered Level 1 of the Lair of Beasts
 15265 | Lair:1   | Noticed a six-headed hydra
 15278 | Lair:1   | Killed a six-headed hydra
 15684 | Lair:1   | Reached XP level 12. HP: 52/91 MP: 20/24
 16896 | Lair:2   | Learned a level 3 spell: Stone Arrow
 16997 | Lair:2   | Noticed a death yak
 16998 | Lair:2   | Noticed a death yak
 17015 | Lair:2   | Noticed a death yak
 17023 | Lair:2   | Killed a death yak
 17029 | Lair:2   | Killed a death yak
 17034 | Lair:2   | Killed a death yak
 17955 | Lair:2   | Found a staircase to the Shoals.
 18519 | Lair:3   | Found a hole to the Spider Nest.
 19344 | Lair:3   | Found a sacrificial altar of Ru.
 19567 | Lair:3   | Reached XP level 13. HP: 86/98 MP: 15/26
 20469 | Lair:4   | Reached skill level 10 in Ice Magic
 21700 | Lair:4   | Reached skill level 10 in Spellcasting
 22248 | Lair:5   | Entered Level 5 of the Lair of Beasts
 22859 | Lair:5   | Reached skill level 10 in Dodging
 22869 | Lair:5   | Noticed Kirke
 22877 | Lair:5   | Killed Kirke
 23558 | Lair:4   | Learned a level 5 spell: Yara's Violent Unravelling
 23563 | Lair:4   | Learned a level 4 spell: Passage of Golubria
 23849 | Lair:4   | Reached skill level 10 in Stealth
 24415 | Lair:5   | Learned a level 4 spell: Summon Ice Beast
 24454 | Lair:5   | Found a viscous altar of Jiyva.
 24454 | Lair:5   | Found a staircase to the Slime Pits.
 24933 | Lair:5   | Reached XP level 14. HP: 93/108 MP: 28/28
 25015 | Lair:5   | Noticed Sonja
 25017 | Lair:5   | Killed Sonja
 25018 | Lair:5   | Reached skill level 10 in Invocations
 28259 | Lair:5   | Identified the +0 chain mail of a bailey {-Tele rPois rN+}
 28588 | D:10     | Found a glowing golden altar of the Shining One.
 29321 | D:10     | HP: 5/108 [Snorg (16)]
 29322 | D:10     | Killed Snorg
 29842 | D:10     | Found a transporter.
 29848 | D:10     | Found a transporter.
 29849 | D:10     | Noticed Klatu's ghost (journeyman TeCj)
 30241 | D:10     | Found a staircase to the Orcish Mines.
 31550 | D:11     | Identified the +7 great sword of Ojiereq {venom, rCorr
                  | Str+4}
 31643 | D:11     | Found a runed translucent gate.
 31643 | D:11     | Found a runed translucent gate.
 31644 | D:11     | Found a runed translucent gate.
 31645 | D:11     | Noticed suipiss's ghost (journeyman DsEE)
 31646 | D:11     | Noticed croobank's ghost (journeyman DrFE)
 31646 | D:11     | Noticed Golfball's ghost (journeyman TrFi)
 32121 | Orc:1    | Entered Level 1 of the Orcish Mines
 32285 | Orc:2    | Entered Level 2 of the Orcish Mines
 32379 | Orc:1    | Noticed Urug
 32450 | Orc:1    | Killed Urug
 34572 | Orc:2    | Found a staircase to the Elven Halls.
 35568 | Orc:1    | Reached skill level 10 in Fighting
 35568 | Orc:1    | Reached skill level 10 in Short Blades
 35568 | Orc:1    | Reached skill level 10 in Long Blades
 35568 | Orc:1    | Reached skill level 10 in Axes
 35568 | Orc:1    | Reached skill level 10 in Maces & Flails
 35568 | Orc:1    | Reached skill level 10 in Polearms
 35568 | Orc:1    | Reached skill level 10 in Staves
 35568 | Orc:1    | Reached skill level 10 in Ranged Weapons
 35568 | Orc:1    | Reached skill level 10 in Throwing
 35568 | Orc:1    | Reached skill level 10 in Armour
 35568 | Orc:1    | Reached skill level 10 in Shields
 35568 | Orc:1    | Reached skill level 10 in Unarmed Combat
 35568 | Orc:1    | Reached skill level 10 in Evocations
 36474 | Orc:2    | Noticed an orc warlord
 36911 | Orc:1    | Reached XP level 15. HP: 60/115 MP: 23/30
 38163 | Orc:2    | Found Nodghaosk's Book Boutique.
 38163 | Orc:2    | Found Ebbibb's Magic Scroll Shoppe.
 38177 | Orc:2    | Bought a scroll of blinking for 112 gold pieces
 38177 | Orc:2    | Bought a scroll of teleportation for 45 gold pieces
 38177 | Orc:2    | Bought a scroll of enchant weapon for 112 gold pieces
 38177 | Orc:2    | Bought a scroll of magic mapping for 112 gold pieces
 38240 | Orc:2    | Found Welar's Antique Weapon Boutique.
 38240 | Orc:2    | Found Raukeomy's General Store.
 38251 | Orc:2    | Killed an orc warlord
 38520 | Orc:2    | Bought the +3 kite shield of Tooluiczo {+Inv Dex+3} for 636
                  | gold pieces
 39315 | D:12     | Learned a level 5 spell: Summon Forest
 39794 | D:3      | Bought the +6 long sword "Nimuph" {antimagic, Int+6} for
                  | 601 gold pieces
 40021 | D:7      | Killed Joseph
 40157 | Orc:2    | Bought a manual of Axes for 1040 gold pieces
 40881 | D:13     | Found a frozen archway.
 40899 | IceCv    | Entered an ice cave
 40939 | IceCv    | Found a transporter.
 40948 | IceCv    | Found a transporter.
 41369 | IceCv    | Identified the +1 halberd of Pical {venom, rC- Will+ Int+6}
 41983 | D:13     | Found a gate to the Vaults.
 42948 | D:13     | Learned a level 4 spell: Dispel Undead
 43389 | D:14     | Found Plog's Antique Weapon Emporium.
 43745 | D:15     | Entered Level 15 of the Dungeon
 44605 | D:14     | Found a broken altar of Ashenzari.
 46118 | D:15     | Found a shimmering altar of Xom.
 46129 | D:15     | Found a shimmering altar of Xom.
 46129 | D:15     | Found a shimmering altar of Xom.
 46142 | D:15     | Reached XP level 16. HP: 44/124 MP: 30/32
 46765 | D:15     | Found a shimmering altar of Xom.
 46765 | D:15     | Found a shimmering altar of Xom.
 46765 | D:15     | Found a shimmering altar of Xom.
 46769 | D:15     | Found a shimmering altar of Xom.
 46769 | D:15     | Found a shimmering altar of Xom.
 47813 | D:15     | Found a staircase to the Depths.
 48699 | Spider:1 | Entered Level 1 of the Spider Nest
 48738 | Spider:1 | Noticed Rupert
 48751 | Spider:1 | Slain by a redback

Illustrated notes

Levels and vault maps discovered:
D:1:      giann_forest_graveyard, layout_basic, ebering_ecumenical_altar_hall
D:2:      layout_basic, serial_shops, nicolae_shop_hallway_plus
D:3:      kennysheep_six_static_rooms, layout_loops_ring, serial_shops,
          nicolae_shop_bloodbath_and_beyond, uniq_ijyb
D:4:      layout_basic, mainiacjoe_overflow_concentric_impassable,
          vehumet_altar_wand_db, general_overflow_altar,
          nicolae_overflow_hidden_temple, minmay_temple_entry_sparse_star
D:5:      layout_loops_cross, minmay_checkerbox
D:6:      layout_basic, minmay_ogre_servants, uniq_prince_ribbit1,
          uniq_menkaure, uniq_eustachio
D:7:      layout_loops_ring, uniq_duvessa, uniq_joseph, uniq_pikel
D:8:      layout_loops_ring, uniq_grum
D:9:      layout_loops_ring, mainiacjoe_overflow_brackets, lair_entry_dummy,
          serial_shops, nicolae_shop_behind_doors,
          minmay_mirror_moons_of_madness, uniq_maggie
D:10:     layout_roguey, tso_oasis_becter, hiddenorc1_lemuel, serial_glass,
          glass_columns_a, glass_columns_b, enter_bailey_5, nzn_ghost_randoct,
          nicolae_titane, uniq_snorg
D:11:     layout_long_grid, gammafunk_ghost_cemetery
D:12:     layout_roguey
D:13:     layout_basic, lightli_vaults_fourway_checkpoint,
          portal_ice_cave_entry_pillars_2
D:14:     layout_basic, serial_shops, shop, serial_ice, serial_ice_b,
          serial_ice_o, serial_ice_a, serial_ice_g, ashenzari_altar_1
D:15:     hangedman_depths_entry_try_elsewhere_first, layout_rooms,
          xom_redecorated, serial_co_window_serial, co_window_cross_1,
          co_window_of_opportunity_a, co_window_corner_a, co_window_paths_a,
          co_window_paths_a, co_window_unsneaky_path_d, co_window_2corner,
          co_window_broadway_b, co_window_corner_cb, co_window_corner_b,
          co_window_corner_ca, co_window_corner_b, co_window_paths_d,
          glass_columns_a, glass_columns_a, glass_columns_a, glass_columns_a
Temple:   minmay_temple_forest_path
Lair:1:   layout_chaotic_city, lemuel_fruit_fields
Lair:2:   layout_hall_layers, elwin_shoals_entry_rooms, serial_bayou_shore_a,
          grunt_megastairs_5, infiniplex_staircase_pool, lemuel_fruit_fields
Lair:3:   layout_cave_pods, hellmonk_spider_entry_not_the_bees, basic_altar,
          bh_autumn_forest_stairs
Lair:4:   layout_cave_pods
Lair:5:   evilmike_catoblepas_cave, layout_long_grid, slime_entry_1, uniq_sonja,
          uniq_kirke
Spider:1: layout_spider_delve, ebering_ghost_reflecting_pool, uniq_rupert,
          uniq_donald
Orc:1:    layout_caves, uniq_urug
Orc:2:    st_orc_town, layout_caves, basic_altar

Skill      XL: |  1  2  3  4  5  6  7  8  9 10 11 12 13 14 15 16 |
---------------+-------------------------------------------------+-----
Spellcasting   | 5 6 7 8 9 10 11 12 | 12.1
Invocations    | 1 2 3 4 5 6 7 8 9 10 11 12 | 12.0
Fighting       | 1 2 3 4 5 6 7 8 9 10 11 | 11.0
Short Blades   | 1 2 3 4 5 6 7 8 9 10 11 | 11.0
Long Blades    | 1 2 3 4 5 6 7 8 9 10 11 | 11.0
Axes           | 1 2 3 4 5 6 7 8 9 10 11 | 11.7
Maces & Flails | 1 2 3 4 5 6 7 8 9 10 11 | 11.0
Polearms       | 1 2 3 4 5 6 7 8 9 10 11 | 11.0
Staves         | 1 2 3 4 5 6 7 8 9 10 11 | 11.0
Ranged Weapons | 1 2 3 4 5 6 7 8 9 10 11 | 11.0
Throwing       | 1 2 3 4 5 6 7 8 9 10 11 | 11.0
Armour         | 1 2 3 4 5 6 7 8 9 10 11 | 11.0
Shields        | 1 2 3 4 5 6 7 8 9 10 11 | 11.0
Unarmed Combat | 1 2 3 4 5 6 7 8 9 10 11 | 11.0
Evocations     | 1 2 3 4 5 6 7 8 9 10 11 | 11.0
Conjurations   | 1 2 3 4 5 6 7 8 9 |  9.3
Hexes          | 1 2 3 4 5 6 7 8 9 |  9.3
Summonings     | 1 2 3 4 5 6 7 8 9 |  9.3
Necromancy     | 1 2 3 4 5 6 7 8 9 |  9.3
Translocations | 1 2 3 4 5 6 7 8 9 |  9.3
Transmutations | 1 2 3 4 5 6 7 8 9 |  9.3
Fire Magic     | 1 2 3 4 5 6 7 8 9 |  9.3
Air Magic      | 1 2 3 4 5 6 7 8 9 |  9.3
Earth Magic    | 1 2 3 4 5 6 7 8 9 |  9.3
Poison Magic   | 1 2 3 4 5 6 7 8 9 |  9.3
Dodging        | 5 6 7 8 9 10 11 | 11.9
Stealth        | 5 6 7 8 9 10 11 | 11.8
Ice Magic      | 8 9 10 11 | 11.6

Action                   |  1- 3 |  4- 6 |  7- 9 | 10-12 | 13-15 | 16-18 || total
-------------------------+-------+-------+-------+-------+-------+-------++-------
Melee: Unarmed           |     1 |       |       |       |       |       ||     1
       Dagger            |    29 |    61 |       |       |       |       ||    90
       Bite              |     1 |     4 |     6 |    39 |   103 |     5 ||   158
       Staff             |       |     3 |    12 |     5 |       |       ||    20
       Rapier            |       |       |    21 |    45 |     8 |       ||    74
       Mace              |       |       |       |   106 |       |       ||   106
       Whip              |       |       |       |     5 |       |       ||     5
       Punch             |       |       |       |     7 |       |       ||     7
       Spear             |       |       |       |     1 |       |       ||     1
       Dire flail        |       |       |       |    98 |   609 |    49 ||   756
       Long sword        |       |       |       |       |   114 |       ||   114
 Fire: Arbalest          |       |       |     6 |    23 |       |       ||    29
Throw: Dart              |       |       |       |     2 |     5 |       ||     7
 Cast: Freeze            |    28 |    18 |    31 |    52 |    92 |     7 ||   228
       Frozen Ramparts   |     5 |    20 |    27 |    64 |    85 |     5 ||   206
       Ozocubu's Armour  |     5 |    17 |    23 |    63 |   108 |     6 ||   222
       Hailstorm         |       |     5 |    26 |    53 |    92 |     5 ||   181
       Wereblood         |       |       |       |     1 |    20 |     1 ||    22
       Stone Arrow       |       |       |       |       |    13 |       ||    13
       Summon Ice Beast  |       |       |       |       |   102 |     5 ||   107
       Yara's Violent Un |       |       |       |       |    65 |       ||    65
       Summon Forest     |       |       |       |       |    15 |     6 ||    21
       Dispel Undead     |       |       |       |       |    11 |       ||    11
Invok: Potion Petition   |       |       |       |     1 |     4 |     4 ||     9
Evoke: Wand              |       |       |       |     4 |    11 |       ||    15
  Use: Potion            |     1 |     1 |     1 |     8 |     5 |     1 ||    17
       Scroll            |       |     7 |     9 |    19 |     9 |     6 ||    50
 Stab: Sleeping          |     5 |    15 |     2 |     1 |     7 |       ||    30
       Distracted        |       |       |       |     2 |    13 |     1 ||    16
Armor: Robe              |    14 |    18 |       |       |       |       ||    32
       Ring mail         |       |       |    52 |   184 |   516 |    63 ||   815
Dodge: Dodged            |    51 |    53 |    92 |   301 |   668 |    86 ||  1251
Block: Kite shield       |       |       |       |       |    81 |       ||    81
